 Dungeon Crawl Stone Soup version 0.29-a0-375-g5102b3be25 (webtiles) character file.

Game seed: 8515773650075165049

1967 bastard the Devastator (level 9, -1/45 HPs)
             Began as a Tengu Conjurer on May 4, 2022.
             Was an Initiate of Vehumet.
             Shot with an arrow by a centaur (13 damage)
             ... on level 6 of the Dungeon.
             The game lasted 00:11:28 (5533 turns).

bastard the Devastator (Tengu Conjurer)             Turns: 5533, Time: 00:11:29

Health: -1/45      AC:  4    Str:  7    XL:     9   Next: 19%
Magic:  8/13       EV: 15    Int: 24    God:    Vehumet [......]
Gold:   44         SH:  0    Dex: 14    Spells: 2/12 levels left

rFire   . . .      SeeInvis .   g - +7 Throatcutter {drain, coup de grace}
rCold   . . .      Faith    .   (no shield)
rNeg    + . .      Spirit   .   a - +0 robe
rPois   .          Reflect  .   (helmet restricted)
rElec   .          Harm     .   (no cloak)
rCorr   .          Rampage  .   d - +1 pair of gloves of Eternity {Regen+ Dex+2}
Will    .....                   (boots unavailable)
Stlth   ++........              (no amulet)
HPRegen 0.95/turn               c - ring of positive energy
MPRegen 0.13/turn               (no ring)

@: flying quickly and evasively, quick
A: beak, talons 3, nimble flight
a: Renounce Religion


You were on level 6 of the Dungeon.
You worshipped Vehumet.
Vehumet was noncommittal.
You visited 2 branches of the dungeon, and saw 7 of its levels.
You also visited: Sewer.

You collected 146 gold pieces.
You spent 102 gold pieces at shops.

Inventory:

Hand Weapons
 g - the +7 Throatcutter (weapon) {drain, coup de grace}
   (You found it on level 3 of the Dungeon)

   A truly terrible weapon, it drains the life of any living foe it strikes.
   It may instantly kill foes which have little health.
Missiles
 q - a throwing net
Armour
 a - a +0 robe (worn)
 d - the +1 pair of gloves of Eternity (worn) {Regen+ Dex+2}
   (You acquired it on level 1 of the Dungeon)

   Dex:       It affects your dexterity (+2).
   Regen:     It increases your rate of health regeneration.
Jewellery
 c - a ring of positive energy (left hand)
 i - a ring of wizardry
 p - a +4 ring of slaying
Scrolls
 e - 2 scrolls of fog
 k - 2 scrolls of brand weapon
 r - 3 scrolls of teleportation
 v - a scroll of enchant armour
 w - a scroll of noise
 x - a scroll of poison
Potions
 b - a potion of magic
 f - 6 potions of lignification
 h - a potion of ambrosia {unknown}
 j - 2 potions of mutation
 l - 2 potions of haste
 m - 2 potions of heal wounds {unknown}
 n - 2 potions of might
 o - a potion of resistance
 s - 2 potions of curing {unknown}
 t - 2 potions of attraction {unknown}
 u - 2 potions of brilliance {unknown}


   Skills:
 + Level 2.8 Dodging
 - Level 2.0 Stealth
 + Level 2.4 Spellcasting
 - Level 15.5 Conjurations


You had 2 spell levels left.
You knew the following spells:

 Your Spells              Type           Power      Damage    Failure   Level
a - Magic Dart            Conj           100%       1d8       1%          1
b - Searing Ray           Conj           100%       2d8       1%          2
c - Iskenderun's Mystic   Conj/Tloc      40%        2d9       4%          4
d - Mephitic Cloud        Conj/Pois/Air  27%        N/A       4%          3

Your spell library contained the following spells:

 Spells                   Type           Power      Damage    Failure   Level
 Sandblast                Erth           4%         2d4       12%         1
 Passwall                 Tmut/Erth      1%         N/A       17%         2
 Dazzling Flash           Conj/Hex       80%        N/A       1%          3
 Stone Arrow              Conj/Erth      80%        3d12      1%          3
 Fulminant Prism          Conj/Hex       20%        3d13      4%          4
 Ignite Poison            Fire/Tmut/Pois 2%         N/A       34%         3
 Freezing Cloud           Conj/Ice/Air   13%        6-21      36%         5


Dungeon Overview and Level Annotations

Branches:
Dungeon (6/15)             Temple (1/1) D:6           Sewer (visited)

Altars:
Ashenzari
Dithmenos
Elyvilon
Fedhas
Gozag
Hepliaklqana
Kikubaaqudgha
Makhleb
Nemelex Xobeh
Qazlal
Ru
Sif Muna
Trog
Vehumet
Wu Jian
Xom
Zin
The Shining One

Shops:
D:6 ?

Annotations:
D:5 exclusion: downstairs


Innate Abilities, Weirdness & Mutations

You have a beak for a mouth.
You have claws for feet.
Your magical nature lets you fly swiftly and evasively.


Message History

A jelly comes into view.
Found a stone staircase leading down.
A jelly is nearby!
A jelly is nearby!
The magic dart hits the jelly.
The jelly is lightly wounded.
The jelly quivers.
The magic dart hits the jelly!
The jelly is heavily wounded.
The magic dart hits the jelly.
The jelly is almost dead.
The magic dart hits the jelly.
You kill the jelly!
Vehumet accepts your kill.
You can't see any susceptible monsters within range! (Use Z to cast anyway.)
You can't see any susceptible monsters within range! (Use Z to cast anyway.) Magic restored.
Found an escape hatch in the floor.
There is an escape hatch in the floor here.
A scorpion comes into view.
A scorpion is nearby!
A scorpion is nearby!
The magic dart hits the scorpion.
The scorpion is lightly wounded.
The magic dart hits the scorpion.
The scorpion is moderately wounded.
The magic dart hits the scorpion.
The scorpion is moderately wounded.
The centaur shouts!
The centaur shoots an arrow.
The arrow hits you!
The centaur shoots an arrow.
The arrow hits you!
The magic dart hits the scorpion.
The scorpion is heavily wounded.
The centaur shoots an arrow.
The arrow closely misses you.
The magic dart hits the scorpion.
The scorpion is severely wounded.
The centaur shoots an arrow.
The arrow hits you! The scorpion stings you!
* * * LOW HITPOINT WARNING * * *
The centaur shoots an arrow.
The arrow hits you!
You die...

....
##...#...#..#.##.#.....#
(...
.....c......#....#.#####
....
...................#
....
...................#
....
..................######
....
.........##.............
....
.........##.###########.
...### .........##.#
...... .......@.##.#
...... ......s..##'##
...... .............#
...... .............#
..... ....####.....#
.### ............## .#
...........># .### ..
.........# ...#
###############.#


You could see a centaur and a scorpion.

Vanquished Creatures
  Pikel (D:5)
  Sigmund (D:3)
  Edmund (D:5)
  Menkaure (D:4)
  A black bear (D:5)
  An ogre (D:5)
  3 lemures (D:5)
  A kobold brigand (Sewer)
  Blork the orc (D:5)
  3 scorpions
  A bullfrog (D:5)
  A necrophage (D:6)
  2 orc priests
  2 iguanas
  2 jellies
  2 orc wizards
  7 gnolls
  9 adders
  A white imp (D:6)
  5 worms
  3 dart slugs
  11 orcs
  7 bats
  7 endoplasms
  3 giant cockroaches
  4 goblins
  3 hobgoblins
  6 jackals (D:1)
  8 quokkas
  8 ball pythons
  6 frilled lizards
  17 kobolds
  4 rats
133 creatures vanquished.

Notes
Turn   | Place    | Note
-------+----------+-------------------------------------------
     0 | D:1      | bastard the Tengu Conjurer began the quest for the Orb.
     0 | D:1      | Reached XP level 1. HP: 10/10 MP: 4/4
   178 | D:1      | Reached XP level 2. HP: 15/15 MP: 4/6
   182 | D:1      | Learned a level 2 spell: Searing Ray
   186 | D:1      | Reached skill level 6 in Conjurations
   361 | D:1      | Found a faded altar of an unknown god.
   556 | D:1      | Reached XP level 3. HP: 19/19 MP: 4/7
   734 | D:1      | Identified a scroll of acquirement
   734 | D:1      | Acquired the +1 pair of gloves of Eternity {Regen+ Dex+2}
  1164 | D:2      | Reached skill level 7 in Conjurations
  1221 | D:2      | Reached XP level 4. HP: 16/24 MP: 2/8
  1783 | D:3      | Found the +7 Throatcutter {drain, coup de grace}
  1836 | D:3      | Reached skill level 8 in Conjurations
  1843 | D:3      | Found a glowing silver altar of Zin.
  1856 | D:3      | Gained mutation: Your magical nature lets you fly swiftly
                  | and evasively. [Tengu growth]
  1856 | D:3      | Reached XP level 5. HP: 28/28 MP: 5/9
  2082 | D:3      | Found a glowing drain.
  2148 | Sewer    | Entered a sewer
  2365 | Sewer    | Reached skill level 9 in Conjurations
  2381 | Sewer    | Noticed a kobold brigand
  2393 | Sewer    | Killed a kobold brigand
  2394 | Sewer    | Reached XP level 6. HP: 19/32 MP: 10/10
  2644 | D:3      | Noticed Sigmund
  2650 | D:3      | Killed Sigmund
  2651 | D:3      | Reached skill level 10 in Conjurations
  2654 | D:3      | Reached XP level 7. HP: 35/36 MP: 11/11
  2659 | D:3      | Learned a level 4 spell: Iskenderun's Mystic Blast
  3031 | D:4      | Reached skill level 11 in Conjurations
  3133 | D:4      | Found a shadowy altar of Dithmenos.
  3236 | D:4      | Noticed Menkaure
  3242 | D:4      | Killed Menkaure
  3561 | D:4      | Reached skill level 12 in Conjurations
  3611 | D:4      | Learned a level 3 spell: Mephitic Cloud
  3956 | D:5      | Entered Level 5 of the Dungeon
  3956 | D:5      | Noticed Edmund
  3967 | D:5      | Killed Edmund
  3968 | D:5      | Reached XP level 8. HP: 26/41 MP: 9/12
  4100 | D:5      | Reached skill level 13 in Conjurations
  4455 | D:5      | Noticed Pikel
  4464 | D:5      | Killed Pikel
  4465 | D:5      | Reached skill level 15 in Conjurations
  4465 | D:5      | Reached XP level 9. HP: 27/45 MP: 3/13
  4658 | D:5      | Noticed Blork the orc
  4662 | D:5      | Killed Blork the orc
  4896 | D:6      | HP: 1/45 [centaur/arrow (4)]
  4967 | D:6      | HP: 1/45 [centaur/arrow (10)]
  5206 | D:6      | Found Uwahue's Magic Scroll Shoppe.
  5214 | D:6      | Bought a scroll of enchant armour for 90 gold pieces
  5214 | D:6      | Bought a scroll of noise for 12 gold pieces
  5282 | D:6      | Found a staircase to the Ecumenical Temple.
  5336 | Temple   | Entered the Ecumenical Temple
  5434 | Temple   | Became a worshipper of Vehumet
  5533 | D:6      | Shot with an arrow by a centaur

Illustrated notes

Levels and vault maps discovered:
D:1:      minmay_arrival_open_corners, layout_rooms,
          chequers_ecumenical_altar_simple, chequers_serial_rivers_micro_a,
          minmay_lizard_pond
D:2:      layout_rooms
D:3:      layout_basic, lemuel_round_altar, cheibrodos_sewer_entry_sluice,
          serial_aquarium, aquarium_bridge_straight [aquarium_subvault_bridge,
          aquarium_subvault_wall, aquarium_subvault_bridge,
          aquarium_subvault_balcony], aquarium_window_corridor_3,
          aquarium_window_fake, aquarium_window_fake, aquarium_window_1,
          aquarium_view_2c, aquarium_view_2c, kennysheep_another_room,
          uniq_sigmund
D:4:      layout_loops_cross, grunt_dithmenos_smoke, serial_co_window_serial,
          co_window_paths_b, co_window_corner_a, co_window_of_opportunity_a,
          co_window_paths_a, co_window_paths_a, co_window_broadway_a,
          co_window_of_opportunity_b, co_window_corner_b, co_window_corner_cb,
          co_window_of_opportunity_b, glass_columns_b, glass_columns_a,
          glass_columns_b, glass_columns_b, glass_columns_b, uniq_menkaure
D:5:      layout_loops_ring, uniq_pikel, uniq_edmund, uniq_blork_the_orc
D:6:      layout_basic, minmay_temple_entry_crystal_x, serial_shops,
          shop_scrolls, dreamdust_princess_corridor, kennysheep_generic_room_12
Temple:   compressed_dpeg_circular_temple

Skill      XL: |  1  2  3  4  5  6  7  8 |
---------------+-------------------------+-----
Conjurations   | 6 7 8 9 10 12 15 | 15.5
Dodging        | |  2.8
Stealth        | |  2.0
Spellcasting   | |  2.4

Action                   |  1- 3 |  4- 6 |  7- 9 || total
-------------------------+-------+-------+-------++-------
Melee: Unarmed           |    19 |       |       ||    19
       Kick              |     5 |     8 |    17 ||    30
       Long sword        |       |    71 |    58 ||   129
       Peck              |       |     8 |    12 ||    20
       Punch             |       |       |     1 ||     1
 Cast: Magic Dart        |    48 |    22 |     9 ||    79
       Searing Ray       |     2 |     5 |     9 ||    16
       Mephitic Cloud    |       |       |     2 ||     2
  Use: Scroll            |     5 |     7 |     4 ||    16
 Stab: Sleeping          |       |     2 |     2 ||     4
       Confused          |       |       |     2 ||     2
Armor: Robe              |     2 |    19 |    14 ||    35
Dodge: Dodged            |    17 |    48 |    36 ||   101

Table legend: (Time is in decaauts)
 A = Elapsed time spent in this place.
 B = Non-inter-level travel time spent in this place.
 C = Inter-level travel time spent in this place.
 D = Time resting spent in this place.
 E = Time spent auto-exploring this place.
 F = Levels seen in this place.
 G = Mean time per level.
                   A        B        C        D        E       F      G
               +--------+--------+--------+--------+--------+-----+--------+
         Total |   5325 |   5162 |    163 |      0 |   4179 |   8 |  665.6 |
       Dungeon |   4910 |   4786 |    124 |      0 |   3984 |   6 |  818.3 |
        Temple |    102 |     63 |     39 |      0 |     48 |   1 |  102.0 |
         Sewer |    312 |    312 |      0 |      0 |    147 |   1 |  312.0 |
               +--------+--------+--------+--------+--------+-----+--------+

Top non-repeatable levels by time:
     D:1: 1068 daAuts
     D:5: 954 daAuts
     D:3: 860 daAuts
     D:4: 859 daAuts
     D:2: 729 daAuts
     D:6: 438 daAuts
   Sewer: 312 daAuts
  Temple: 102 daAuts
